 Dungeon Crawl Stone Soup version 0.26-a0-1213-gd52f5182fe (webtiles) character file.

Game seed: 2545607393249643913

518 sokol815 the Covert (level 7, -10/49 HPs)
             Began as an Octopode Gladiator on Dec 30, 2020.
             Mangled by a mummy (14 damage)
             ... in an ossuary.
             The game lasted 00:11:22 (5279 turns).

sokol815 the Covert (Octopode Gladiator)            Turns: 5279, Time: 00:11:23

Health: -10/49     AC:  1    Str: 14    XL:     7   Next: 21%
Magic:  7/7        EV: 14    Int: 12    God:
Gold:   311        SH:  5    Dex: 13    Spells: 6/6 levels left

rFire    + . .     SeeInvis .   a - +1 long sword
rCold    . . .     Faith    .   (no shield)
rNeg     . . .     Spirit   .   i - +0 hat
rPois    .         Reflect  +   s - amulet of reflection
rElec    .         Harm     .   r - ring of wizardry {Wiz+, !d}
rCorr    .         Rampage  .   n - ring of protection from fire {rF+, !d}
Will     .....                  (no ring)
Stlth    +++++.....             (no ring)
HPRegen  0.16/turn              (no ring)
MPRegen  0.10/turn              (no ring)
                                (no ring)
                                (no ring)

@: marked
A: almost no armour, stealthy swim, amphibious, 8 rings, constrict 8, camouflage
1, blurry vision 1, robust 1, gelatinous body 1
a: no special abilities


You were in an ossuary.
You visited 1 branch of the dungeon, and saw 6 of its levels.
You also visited: Ossuary.

You collected 311 gold pieces.

Inventory:

Hand Weapons
 a - a +1 long sword (weapon)
 b - a +0 dagger of flaming
   (You found it on level 1 of the Dungeon)
 e - a +0 morningstar
   (You took it off an orc on level 3 of the Dungeon)
Missiles
 c - 3 throwing nets {=f, !d}
 d - 54 bolts
 k - 6 poisoned darts
 l - 104 stones (quivered)
 q - 4 atropa-tipped darts
Armour
 i - a +0 hat (worn)
Jewellery
 n - a ring of protection from fire (right tentacle) {rF+, !d}
   (You found it on level 5 of the Dungeon)
 p - an uncursed ring of fire {rF+, rC-}
   (You found it on level 3 of the Dungeon)
 r - a ring of wizardry (left tentacle) {Wiz+, !d}
   (You found it on level 6 of the Dungeon)
 s - an amulet of reflection (around mantle)
   (You found it on level 3 of the Dungeon)
Wands
 o - a wand of flame (17)
   (You found it on level 6 of the Dungeon)
Scrolls
 g - a scroll of amnesia
 h - 2 scrolls of remove curse
 t - 2 scrolls of identify
Potions
 f - a potion of resistance
 m - 2 potions of magic


   Skills:
 - Level 2.0 Fighting
 + Level 5.6 Long Blades
 - Level 2.0 Throwing
 - Level 3.0 Dodging
 - Level 8.0 Stealth


You had 6 spell levels left.
You didn't know any spells.
Your spell library was empty.

Dungeon Overview and Level Annotations

Branches:
Dungeon (6/15)            Ossuary (1/1)
 Temple: D:4-7

Altars:
Cheibriados
Dithmenos
Elyvilon
Makhleb
Sif Muna
Wu Jian
Xom
The Shining One

Annotations:
D:2 Jessica
D:4 2 transporters
D:6 Eustachio


Innate Abilities, Weirdness & Mutations

You cannot wear most types of armour.
You are very stealthy in the water. (Stealth+)
You are amphibious.
You can wear up to eight rings at the same time.
You can use your tentacles to constrict eight enemies at once.
Your skin changes colour to match your surroundings (Stealth+).
Your rubbery body absorbs attacks. (AC +1, EV +1)
Scrolls take you a little longer to read.
You are robust. (+10% HP)


Message History

The centaur zombie enters a dispersal trap!
The big kobold zombie blinks!
The hobgoblin zombie blinks! x6
The mummy blinks! x3
You blink.
The centaur zombie fails to trigger a net trap.
The mummy closely misses you.
The hobgoblin zombie enters a dispersal trap!
The mummy blinks!
The centaur zombie blinks!
The mummy blinks!
The hobgoblin zombie blinks!
The centaur zombie blinks!
The centaur zombie enters a dispersal trap!
The hobgoblin zombie blinks! x3; The centaur zombie blinks!
The hobgoblin zombie blinks!
The mummy blinks!
The hobgoblin zombie blinks!
You blink.
The centaur zombie blinks!
You blink.
Unknown command.
You hit the centaur zombie. The centaur zombie closely misses you.
Okay, then.
Sorry, you're not good enough to have a special ability.
Unknown command.
Unknown command.
The centaur zombie barely misses you.
Aim: a centaur zombie (lightly damaged, 0% to evade)
The puff of flame hits the centaur zombie!
The hobgoblin zombie closely misses you.
You riposte.
You hit the hobgoblin zombie. You grab the hobgoblin zombie.
The centaur zombie hits you.
* * * LOW HITPOINT WARNING * * *
You take 1 damage, and have 12/49 hp.
You hit the centaur zombie. You constrict the hobgoblin zombie.
The centaur zombie misses you.
You riposte.
You hit the centaur zombie. The centaur zombie closely misses you.
The hobgoblin zombie misses you. The centaur zombie barely misses you.
You hit the centaur zombie. You constrict the hobgoblin zombie.
The centaur zombie barely misses you.
You riposte.
You hit the centaur zombie but do no damage.
You squeeze the centaur zombie. You block the centaur zombie's attack.
The centaur zombie misses you. The hobgoblin zombie hits you.
* * * LOW HITPOINT WARNING * * *
You take 3 damage, and have 9/49 hp.
You slash the centaur zombie! You constrict the hobgoblin zombie.
You destroy the hobgoblin zombie!
The centaur zombie barely misses you.
You block the centaur zombie's attack. x2
You hit the centaur zombie but do no damage.
You squeeze the centaur zombie.
You destroy the centaur zombie!
The centaur zombie misses you.
You riposte.
You hit the centaur zombie. You squeeze the centaur zombie.
The centaur zombie closely misses you.
You riposte.
You hit the centaur zombie. You block the centaur zombie's attack.
You block the centaur zombie's attack. The centaur zombie barely misses you.
You riposte.
You hit the centaur zombie. You squeeze the centaur zombie.
The mummy enters a dispersal trap!
The big kobold zombie blinks!
The hobgoblin zombie blinks!
The centaur zombie blinks! x2; The mummy blinks!
The mummy drops a net on you. A large net falls onto you!
You become entangled in the net!
You blink.
The hobgoblin zombie misses you. The centaur zombie hits you!
* * * LOW HITPOINT WARNING * * *
You take 7 damage, and have 3/49 hp.
You block the centaur zombie's attack.
The hobgoblin zombie enters a dispersal trap!
The hobgoblin zombie blinks!
The mummy blinks!
The big kobold zombie blinks!
The big kobold zombie enters a dispersal trap!
The hobgoblin zombie blinks!
The mummy blinks! x2
The hobgoblin zombie blinks!
The mummy blinks!
The centaur zombie blinks!
The hobgoblin zombie blinks!
You blink.
The big kobold zombie blinks!
The mummy blinks!
The big kobold zombie blinks!
You blink.
The hobgoblin zombie misses you.
The hobgoblin zombie completely misses you.
A mummy comes into view.
A mummy comes into view.
Okay, then.
Really read with blurry vision while enemies are nearby?
The mummy enters a dispersal trap!
The mummy blinks! x2
The hobgoblin zombie blinks!
The mummy blinks! x3
The hobgoblin zombie blinks!
The mummy blinks!
The hobgoblin zombie blinks! x2
You blink.
The mummy blinks!
You begin reading the scroll.
You continue reading the scroll.
As you read the scroll of fear, it crumbles to dust.
You assume a fearsome visage.
The hobgoblin zombie is unaffected.
The centaur zombie is unaffected.
The big kobold zombie is unaffected.
The mummy is unaffected.
The mummy is unaffected.
The mummy is unaffected.
Unknown command.
Unknown command.
Unknown command.
You hit the mummy. You grab the mummy. You squeeze the mummy!
You constrict the mummy. The mummy barely misses you.
You hit the mummy but do no damage. You constrict the mummy.
The mummy hits you!
You die...

#..Z.Z#
#..∩..#
#...ZZ#
#.ZZ.^#
##M^.Z.##
#..^.ZM.#
##...Z§##
#..^....#
##..M@.##
#.^.....#
##.^...##
#...^.^.
##.^.M§##
#.^.^...
##^^.^^#
#...M...
##...§.


You could see 5 mummies, 4 hobgoblin zombies, a big kobold zombie and 2 centaur
zombies.

Vanquished Creatures
  A centaur (D:6)
  A scorpion (D:4)
  A centaur zombie (Ossuary)
  A hound (D:4)
  Natasha (thrice) (D:2)
  An iguana (D:4)
  A worker ant (D:4)
  A hound skeleton (D:2)
  2 worker ant zombies (D:5)
  Robin (D:2)
  4 adders
  An adder skeleton (D:4)
  2 worms
  2 dart slugs (D:3)
  4 leopard geckos
  4 orcs
  3 ball pythons
  13 bats
  6 giant cockroaches
  12 hobgoblins
  10 jackals
  2 quokkas
  2 frilled lizards
  10 goblins
  A hobgoblin zombie (Ossuary)
  11 kobolds
  A leopard gecko skeleton (D:5)
  An orc zombie (D:6)
  9 rats
111 creatures vanquished.

Notes
Turn   | Place    | Note
-------+----------+-------------------------------------------
     0 | D:1      | sokol815 the Octopode Gladiator began the quest for the
                  | Orb.
     0 | D:1      | Reached XP level 1. HP: 14/14 MP: 1/1
    66 | D:1      | Reached skill level 1 in Stealth
   176 | D:1      | Reached XP level 2. HP: 13/19 MP: 2/2
   340 | D:1      | Reached skill level 2 in Stealth
   944 | D:1      | Reached skill level 3 in Stealth
   974 | D:1      | Reached XP level 3. HP: 22/24 MP: 3/3
  1296 | D:2      | Reached skill level 4 in Stealth
  1458 | D:2      | Reached XP level 4. HP: 29/29 MP: 4/4
  1511 | D:2      | Noticed Robin
  1523 | D:2      | Killed Robin
  1798 | D:2      | Noticed Jessica
  1988 | D:2      | Noticed Natasha
  1994 | D:2      | Killed Natasha
  1995 | D:2      | Reached skill level 5 in Stealth
  2118 | D:2      | Noticed Natasha
  2123 | D:2      | Killed Natasha
  2124 | D:2      | Reached skill level 4 in Long Blades
  2124 | D:2      | Reached XP level 5. HP: 18/34 MP: 5/5
  2416 | D:2      | Noticed Natasha
  2421 | D:2      | Killed Natasha
  2562 | D:3      | Reached skill level 6 in Stealth
  2919 | D:3      | Found a burning altar of Makhleb.
  3433 | D:4      | Reached XP level 6. HP: 39/39 MP: 6/6
  3464 | D:4      | Reached skill level 7 in Stealth
  3566 | D:4      | Found a transporter.
  3723 | D:4      | Found a shadowy altar of Dithmenos.
  3737 | D:4      | HP: 7/39 [iguana (15)]
  3744 | D:4      | HP: 7/58 [poisoned by a worker ant]
  3749 | D:4      | HP: 6/58 [poisoned by a worker ant]
  3765 | D:4      | HP: 7/58 [leopard gecko (2)]
  4075 | D:4      | Found a transporter.
  4401 | D:4      | Found a snail-covered altar of Cheibriados.
  4401 | D:4      | Found a shimmering blue altar of Sif Muna.
  4407 | D:4      | Found a faded altar of an unknown god.
  4409 | D:4      | Found an ornate altar of the Wu Jian Council.
  4411 | D:4      | Found a glowing golden altar of the Shining One.
  4499 | D:5      | Entered Level 5 of the Dungeon
  4601 | D:5      | Found a shimmering altar of Xom.
  4805 | D:5      | Gained mutation: Scrolls take you a little longer to read.
                  | [potion of mutation]
  4805 | D:5      | Gained mutation: You are robust. (+10% HP) [potion of
                  | mutation]
  5146 | D:6      | Found a white marble altar of Elyvilon.
  5196 | D:6      | Found a sand-covered staircase.
  5196 | D:6      | Noticed Eustachio
  5213 | D:6      | Reached skill level 5 in Long Blades
  5213 | D:6      | Reached skill level 8 in Stealth
  5213 | D:6      | Reached XP level 7. HP: 49/49 MP: 7/7
  5236 | Ossuary  | Entered an ossuary
  5254 | Ossuary  | HP: 12/49 [hobgoblin zombie (3)]
  5260 | Ossuary  | HP: 12/49 [centaur zombie (1)]
  5270 | Ossuary  | HP: 3/49 [centaur zombie (8)]
  5279 | Ossuary  | Mangled by a mummy

Illustrated notes

Levels and vault maps discovered:
D:1:      dpeg_arrival_round_b, layout_basic, minmay_3d_cube
D:2:      layout_rooms, uniq_jessica, uniq_robin, uniq_natasha
D:3:      layout_basic, lemuel_coloured_pillars_altar, kennysheep_generic_room_7
D:4:      gammafunk_wand_slinger, layout_cave_pools,
          grunt_dithmenos_smoke_and_mirrors,
          chequers_temple_overflow_minitemple, grunt_decor_resistance
D:5:      layout_loops_ring, basic_altar
D:6:      layout_layer_cave, basic_altar, enter_ossuary_3, uniq_eustachio
Ossuary:  ossuary_the_hunt_dpeg

Skill      XL: |  1  2  3  4  5  6 |
---------------+-------------------+-----
Stealth        | 1 3 4 5 6 8 |  8.0
Long Blades    | 4 5 |  5.6
Fighting       | |  2.0
Throwing       | |  2.0
Dodging        | |  3.0

Action                   |  1- 3 |  4- 6 |  7- 9 || total
-------------------------+-------+-------+-------++-------
Melee: Long sword        |    52 |   114 |     9 ||   175
       Tentacles         |    12 |    23 |     6 ||    41
       Constrict         |    17 |    33 |     4 ||    54
       Dagger            |       |     1 |     1 ||     2
Throw: Stone             |    35 |   170 |       ||   205
       Dart              |       |     8 |       ||     8
Evoke: Wand              |       |       |     1 ||     1
  Use: Scroll            |       |    11 |     1 ||    12
       Potion            |       |     4 |       ||     4
 Stab: Sleeping          |     4 |     3 |       ||     7
       Invisible         |       |     1 |       ||     1
Armor: Skin              |     8 |     8 |     1 ||    17
Dodge: Dodged            |    43 |    64 |    27 ||   134
Block: Other             |       |    15 |     9 ||    24
       Rpst.: Long sword |    15 |    20 |     8 ||    43

Table legend: (Time is in decaauts)
 A = Elapsed time spent in this place.
 B = Non-inter-level travel time spent in this place.
 C = Inter-level travel time spent in this place.
 D = Time resting spent in this place.
 E = Time spent auto-exploring this place.
 F = Levels seen in this place.
 G = Mean time per level.
                   A        B        C        D        E       F      G
               +--------+--------+--------+--------+--------+-----+--------+
         Total |   5325 |   5073 |    252 |   1257 |   3023 |   7 |  760.7 |
       Dungeon |   5283 |   5031 |    252 |   1257 |   3023 |   6 |  880.5 |
       Ossuary |     41 |     41 |      0 |      0 |      0 |   1 |   41.0 |
               +--------+--------+--------+--------+--------+-----+--------+

Top non-repeatable levels by time:
     D:2: 1265 daAuts
     D:1: 1207 daAuts
     D:4: 1093 daAuts
     D:3: 983 daAuts
     D:5: 645 daAuts
     D:6: 88 daAuts
 Ossuary: 41 daAuts

Table legend:
 A = Kills in this place as a percentage of kills in entire the game.
 B = Kills by you in this place as a percentage of kills by you in the entire game.
 C = Kills by friends in this place as a percentage of kills by friends in the entire game.
 D = Other kills in this place as a percentage of other kills in the entire game.
 E = Experience gained in this place as a percentage of experience gained in the entire game.
 F = Experience gained in this place divided by the number of levels of this place that you have seen.
                   A       B       C       D       E      F
               +-------+-------+-------+-------+-------+----------------------
         Total | 100.0 | 100.0 |   N/A |   N/A | 100.0 | 105.7
       Dungeon |  98.2 |  98.2 |   N/A |   N/A |  93.4 | 115.2
       Ossuary |   1.8 |   1.8 |   N/A |   N/A |   6.6 |  49.0
               +-------+-------+-------+-------+-------+----------------------
